[Event "Early-Titled-Tuesday-Blitz-January-30-2024"]
[Site "Chess.com"]
[Date "2024.01.30"]
[Round "10"]
[White "Legendinunknown"]
[Black "gahryman"]
[Result "1/2-1/2"]
[WhiteElo "2828"]
[BlackElo "2671"]
[TimeControl "180+1"]
[EndTime "10:02:08 PST"]
[Termination "Game drawn by repetition"]

1. d4 Nf6 2. c4 e6 3. Nc3 d5 4. cxd5 exd5 5. Bg5 c6 6. e3 Bd6 7. Bd3 O-O 8. Nge2 Re8 9. Qc2 h6 10. Bh4 a5 11. h3 Na6 12. a3 Nc7 13. g4 Ne6 14. f4 b5 15. Nd1 Bd7 16. O-O c5 17. Rc1 c4 18. Bf5 Nf8 19. Ng3 Be7 20. Bxd7 Qxd7 21.
Nf5 Bd8 22. Nf2 Ne4 23. Nxe4 Rxe4 24. Bxd8 Rxd8 25. Rf3 Rde8 26. Qf2 b4 27. Ng3 R4e7 28. f5 Nh7 29. Nh5 Ng5 30. Nxg7 Nxf3+ 31. Qxf3 Rxe3 32. Nxe8 Qxe8 33. Qf4 Re1+ 34. Rxe1 Qxe1+ 35. Kg2 Qe4+ 36. Qxe4 dxe4 37. axb4 a4 38. b5 a3 39. bxa3 c3 40.
b6 c2 41. b7 c1=Q 42. b8=Q+ Kh7 43. Qb3 Qd2+ 44. Kg3 Kg7 45. Qd5 Qe3+ 46. Kg2 Qf3+ 47. Kh2 Qf2+ 48. Kh1 e3 49. Qe5+ Kh7 50. Qe7 Qf3+ 51.
Kh2 Kg7 52. Qe5+ Kh7 53. Qe7 Qf2+ 54. Kh1 Qf3+ 55. Kh2 1/2-1/2

[Event "Early-Titled-Tuesday-Blitz-January-30-2024"]
[Site "Chess.com"]
[Date "2024.01.30"]
[Round "10"]
[White "Slovineanu"]
[Black "Zavgorodniy_Sergiy"]
[Result "1/2-1/2"]
[WhiteElo "2451"]
[BlackElo "2606"]
[TimeControl "180+1"]
[EndTime "10:02:08 PST"]
[Termination "Game drawn by repetition"]

1. d4 d5 2. Nf3 Nf6 3. c4 dxc4 4.
e3 e6 5. Bxc4 a6 6. O-O b5 7.
Bd3 Bb7 8. a4 b4 9. Re1 Nbd7 10.
e4 c5 11. Nbd2 cxd4 12. e5 Nd5 13. Nb3 Nc5 14. Bg5 Qd7 15. Rc1 Nxd3 16. Qxd3 h6 17. Bh4 Qxa4 18. Nfxd4 Be7 19. Bxe7 Nxe7 20. Nc5 Qa2 21.
Nxb7 O-O 22. b3 Nd5 23. Nd6 Qa5 24. Ra1 Qb6 25. g3 a5 26. Nc4 Qc5 27. Nf3 Nc3 28.
Qd4 Qc6 29. Kg2 a4 30. bxa4 Rxa4 31. Rxa4 Qxa4 32. Nd6 Rb8 33. Rc1 Ne2 34. Qa1 Qxa1 35. Rxa1 b3 36. Nd2 b2 37. Ra7 b1=Q 38. Nxb1 Rxb1 39.
Rxf7 Nd4 40. Re7 Re1 41. f4 Re2+ 42. Kg1 Re1+ 43. Kf2 Re2+ 44. Kg1 g5 45. h4 gxf4 46.
gxf4 Nf3+ 47. Kf1 Rd2 48. h5 Nh2+ 49. Kg1 Nf3+ 50. Kf1 Kf8 51. Rxe6 Nh2+ 52. Kg1 Nf3+ 53. Kf1 Nh2+ 54. Kg1 Nf3+ 55. Kf1 1/2-1/2

[Event "Early-Titled-Tuesday-Blitz-January-30-2024"]
[Site "Chess.com"]
[Date "2024.01.30"]
[Round "10"]
[White "esrosenberg"]
[Black "guillembaches"]
[Result "1/2-1/2"]
[WhiteElo "2418"]
[BlackElo "2542"]
[TimeControl "180+1"]
[EndTime "10:02:09 PST"]
[Termination "Game drawn - insufficient material"]

1. c4 Nf6 2. Nf3 e6 3. g3 d5 4.
Bg2 Bd6 5. d4 h6 6. O-O O-O 7.
Qc2 b6 8. Nbd2 Bb7 9. b3 Nbd7 10. Bb2 c5 11. Rad1 Rc8 12. Qb1 Qe7 13. e3 cxd4 14.
Nxd4 a6 15. cxd5 Bxd5 16. Bxd5 Nxd5 17. Nc4 Bc5 18. Qe4 b5 19. Ne5 Nxe5 20. Qxe5 Qf6 21.
Ne2 Qxe5 22. Bxe5 Rfd8 23. Bd4 Bxd4 24. Rxd4 e5 25. Rd2 Nb4 26. Rfd1 Rxd2 27. Rxd2 Rc2 28. Rxc2 Nxc2 29. Kf1 Kf8 30. Nc3 Ke7 31. Ke2 Ke6 32. a3 Nxa3 33. Kd3 f5 34. e4 g6 35. f3 h5 36. Nd5 a5 37. Kc3 b4+ 38. Kd3 Kd6 39. Ne3 fxe4+ 40. Kxe4 Nb5 41. Nc4+ Kc5 42. Nxa5 Nd4 43.
Nc4 Nxb3 44. Nxe5 Nd2+ 45. Kd3 Nf1 46. Nxg6 Nxh2 47. f4 Kd5 48. Ne5 Nf1 49. g4 hxg4 50.
Nxg4 Ng3 51. Ne3+ Ke6 52. Kc4 Nf5 53. Nxf5 Kxf5 54. Kxb4 Kxf4 1/2-1/2

[Event "Early-Titled-Tuesday-Blitz-January-30-2024"]
[Site "Chess.com"]
[Date "2024.01.30"]
[Round "10"]
[White "Andrey_Klymchuk"]
[Black "jcibarra"]
[Result "1/2-1/2"]
[WhiteElo "2750"]
[BlackElo "2878"]
[TimeControl "180+1"]
[EndTime "10:02:11 PST"]
[Termination "Game drawn - insufficient material"]

1. e4 c5 2. Nf3 Nc6 3. d4 cxd4 4. Nxd4 e5 5. Nb5 d6 6. N1c3 a6 7. Na3 Be6 8. Nc4 Rb8 9. Ne3 Nf6 10. Ned5 Be7 11. Bc4 b5 12. Nxf6+ Bxf6 13. Bd5 Rc8 14. a4 b4 15. Bxc6+ Rxc6 16. Nd5 Bxd5 17. exd5 Rc8 18.
O-O O-O 19. a5 e4 20. Qe2 Re8 21. Qxa6 Rxc2 22. Qb7 Qb8 23. a6 Bd4 24. Be3 Bxe3 25. fxe3 f6 26. Rfc1 b3 27. Rxc2 bxc2 28. Rc1 Qxb7 29.
axb7 Rb8 30. Rxc2 Rxb7 31. g4 Rb5 32. Rd2 Kf7 33. Kf2 f5 34. Kg3 Kf6 35. gxf5 Kxf5 36.
Rf2+ Ke5 37. Rf7 Rxb2 38. Rxg7 Kxd5 39. Rxh7 Re2 40. Rh5+ Kc4 41. Kf4 d5 42. Rh8 Rf2+ 43. Ke5 Kd3 44. Rh3 d4 45. exd4+ e3 46. d5 Kd2 47.
Rxe3 Kxe3 48. d6 Rxh2 49. d7 Rd2 50. Ke6 Kf4 51. Ke7 Re2+ 52. Kf7 Rd2 53. Ke7 Re2+ 54. Kf7 Rd2 55. Ke8 Kf5 56. d8=Q Rxd8+ 57. Kxd8 1/2-1/2

[Event "Early-Titled-Tuesday-Blitz-January-30-2024"]
[Site "Chess.com"]
[Date "2024.01.30"]
[Round "10"]
[White "maximnovik"]
[Black "HamedWafa4"]
[Result "0-1"]
[WhiteElo "2621"]
[BlackElo "2818"]
[TimeControl "180+1"]
[EndTime "10:02:11 PST"]
[Termination "HamedWafa4 won on time"]

1. e4 e5 2. Nf3 Nc6 3. Bc4 Bc5 4. d3 Nf6 5. O-O O-O 6. c3 d6 7. Re1 a6 8. Bb3 Ba7 9. Nbd2 Be6 10. Bc2 Ne7 11. Nf1 Ng6 12. Ng3 h6 13. h3 Qd7 14.
d4 c6 15. Be3 Qc7 16. Qd2 Kh7 17. Nf5 Ng8 18. d5 Bxe3 19. fxe3 cxd5 20. exd5 Bxf5 21. Bxf5 Ne7 22. e4 Nxf5 23. exf5 Ne7 24. f6 gxf6 25. Rad1 Rg8 26. Re4 Rg6 27. Nh4 Rg7 28. Rg4 Rxg4 29. hxg4 Qc5+ 30. Kh2 Qc4 31. Qd3+ Qxd3 32. Rxd3 Rc8 33. b3 b5 34. b4 Rc4 35. Kh3 Ng6 36.
g3 Nxh4 37. Kxh4 f5 38. Rf3 Rxg4+ 39. Kh3 Kg6 40. a4 bxa4 41. Rf2 Rc4 42. Ra2 Rxc3 43. Rxa4 f4 44. Rxa6 Rxg3+ 45. Kh2 Rb3 46. Rxd6+ Kg5 47. Rb6 Rb2+ 48. Kg1 f3 49. d6 e4 50. d7 Rd2 51.
Rb7 e3 0-1

[Event "Early-Titled-Tuesday-Blitz-January-30-2024"]
[Site "Chess.com"]
[Date "2024.01.30"]
[Round "10"]
[White "hsd2016"]
[Black "Savagelittlemole"]
[Result "0-1"]
[WhiteElo "2324"]
[BlackElo "2494"]
[TimeControl "180+1"]
[EndTime "10:02:11 PST"]
[Termination "Savagelittlemole won by resignation"]

1. e4 c5 2. Nf3 d6 3. d4 cxd4 4.
Nxd4 Nf6 5. Nc3 a6 6. Rg1 h5 7.
h3 e5 8. Nb3 h4 9. Be3 Be6 10. Qd2 Be7 11. O-O-O Nbd7 12. Nd5 Bxd5 13. exd5 b5 14. f3 Nb6 15. Bxb6 Qxb6 16. Bd3 a5 17. f4 a4 18. Na1 e4 19. Be2 Nd7 20.
Qc3 Bf6 21. Qc6 Rb8 22. Qxb6 Rxb6 23. c3 Nc5 24. Nc2 O-O 25. Na3 Rfb8 26. Nc2 Kf8 27. a3 Nb3+ 28. Kb1 Rc8 29. Nb4 Rc5 30. Rge1 Rb8 31.
Nc6 Re8 32. Bg4 e3 33. Bf3 Nd2+ 34. Kc2 Nxf3 35. gxf3 g5 36. fxg5 Bxg5 37. Re2 Bf4 38. Rd4 Bg3 39. Nb4 Rc4 40. Rxc4 bxc4 41. Na6 Bf2 42.
Nc7 Re5 43. Kd1 Rf5 44. Rc2 Rxf3 45. Ke2 Rxh3 46. Nb5 Rh1 47. Nxd6 h3 48. Ne4 h2 49. Nxf2 exf2 50. Kxf2 Rd1 0-1

[Event "Early-Titled-Tuesday-Blitz-January-30-2024"]
[Site "Chess.com"]
[Date "2024.01.30"]
[Round "10"]
[White "thesupera12"]
[Black "Al_Shima"]
[Result "1-0"]
[WhiteElo "2542"]
[BlackElo "2358"]
[TimeControl "180+1"]
[EndTime "10:02:12 PST"]
[Termination "thesupera12 won by resignation"]

1. d4 Nf6 2. Bg5 Ne4 3. Bc1 d5 4. Nf3 Bf5 5. c4 e6 6. Nc3 Bb4 7. Bd2 Nxd2 8. Qxd2 dxc4 9. e3 b5 10. a4 c6 11. g3 O-O 12. Bg2 Nd7 13. Nh4 Rc8 14.
axb5 cxb5 15. Nxf5 exf5 16. Rxa7 Nb6 17. O-O Na4 18. Qc2 Bxc3 19. bxc3 Qb6 20. Rb7 Qa5 21. Rc1 g6 22. h4 h5 23. Bf3 Rc7 24. Rxc7 Qxc7 25. Rb1 Rb8 26. e4 fxe4 27. Bxe4 Qd6 28. Rxb5 Rxb5 29. Qxa4 Rb2 30. Qxc4 Qf6 31. Qf1 Rb3 32. Qc1 Qb6 33. Kg2 Qe6 34. Bf3 Qc4 35. d5 Rxc3 36. Qg5 Rd3 37. Qe7 Qd4 38. Qe8+ Kg7 39.
Qe7 Rd2 40. Qe1 Rd3 41. Qf1 Rd2 42. Qe1 Rd3 43. Be4 Rd1 44. Qe3 Rd2 45. Qxd4+ Rxd4 46. Kf3 Kf6 47. Ke3 Rd1 48. Bf3 Ke5 49. Bxd1 Kxd5 50. Bb3+ Ke5 51. Bxf7 Kf6 52. Bc4 Kf5 53. Kf3 g5 54.
Bd3+ Kf6 55. hxg5+ Kxg5 56. Kg2 1-0

[Event "Early-Titled-Tuesday-Blitz-January-30-2024"]
[Site "Chess.com"]
[Date "2024.01.30"]
[Round "10"]
[White "Kunalm64"]
[Black "ChessQueen"]
[Result "0-1"]
[WhiteElo "2554"]
[BlackElo "2733"]
[TimeControl "180+1"]
[EndTime "10:02:13 PST"]
[Termination "ChessQueen won on time"]

1. e4 c6 2. d4 d5 3. e5 c5 4. Nf3 Nc6 5. dxc5 e6 6. a3 Bxc5 7. b4 Bb6 8. Bd3 Nge7 9. O-O Ng6 10. Nbd2 Nf4 11. Re1 Nxd3 12. cxd3 O-O 13. Bb2 f6 14. exf6 gxf6 15. d4 Kh8 16. Nb3 Rg8 17. Nc5 Qd6 18. g3 a5 19. Qd2 Ne7 20. Qh6 Ng6 21. Nh4 Bd8 22. Nd3 Bd7 23. Nc5 Bc8 24. Nd3 axb4 25. axb4 Rxa1 26. Bxa1 b6 27. Nxg6+ Rxg6 28. Qh5 Bd7 29.
Nf4 Rg5 30. Qf7 Rg7 31. Qh5 Qxf4 32. Bc3 Qf5 33. Qh4 Be7 34. Qh6 Qg6 35. Qf4 Rg8 36. Qc7 Qe8 37. Qxb6 Qb8 38. Qa5 Rc8 39. Bd2 Rc4 40.
b5 Qxb5 41. Qa7 Qc6 42. Bf4 Bd6 43. Bh6 Kg8 44. Rxe6 Rc1+ 45. Kg2 Qb5 46. Qa8+ Kf7 0-1

[Event "Early-Titled-Tuesday-Blitz-January-30-2024"]
[Site "Chess.com"]
[Date "2024.01.30"]
[Round "10"]
[White "GMWSO"]
[Black "BocharovD"]
[Result "0-1"]
[WhiteElo "3112"]
[BlackElo "2885"]
[TimeControl "180+1"]
[EndTime "10:02:14 PST"]
[Termination "BocharovD won on time"]

1. d4 Nf6 2. c4 e6 3. Nc3 Bb4 4. Bd2 O-O 5. e3 b6 6. Nf3 d5 7. cxd5 exd5 8. Bd3 Ba6 9. Bxa6 Nxa6 10. Rc1 Re8 11. O-O Bf8 12. Ne2 c5 13. dxc5 bxc5 14. Bc3 Qd6 15. Bxf6 Qxf6 16. Qxd5 Qxb2 17. Qc4 Nb4 18.
Nc3 Rad8 19. Ng5 Re7 20. Rcd1 Rxd1 21. Rxd1 h6 22. Nf3 Qc2 23. a3 Na2 24. Qxa2 Qxc3 25. h4 c4 26. Rd4 Rc7 27. Ne5 Qb3 28. Rd2 Qxa2 29. Rxa2 c3 30. Rc2 Bxa3 31. Kf1 a5 32. Ke2 a4 33. Nd3 Be7 34. Nc1 Bxh4 35. f4 Be7 36.
Kd3 f5 37. Na2 a3 38. Rxc3 Rxc3+ 39. Nxc3 Kf7 40. e4 fxe4+ 41. Kxe4 Kg6 42. g4 Bf6 43. Na2 h5 44. gxh5+ Kxh5 45. Nb4 Kg4 46. Na2 g6 47.
Nb4 Be7 48. Na2 Bd6 49. Nc3 Bxf4 50. Kd3 Be5 51. Na2 Kf3 0-1

[Event "Early-Titled-Tuesday-Blitz-January-30-2024"]
[Site "Chess.com"]
[Date "2024.01.30"]
[Round "10"]
[White "ljuks68"]
[Black "Bilan_Danila"]
[Result "0-1"]
[WhiteElo "2432"]
[BlackElo "2608"]
[TimeControl "180+1"]
[EndTime "10:02:14 PST"]
[Termination "Bilan_Danila won on time"]

1. e4 c5 2. Nf3 e6 3. d4 cxd4 4.
Nxd4 a6 5. Bd3 Bc5 6. Nb3 Be7 7. c4 d6 8. Nc3 Nf6 9. Qe2 Nbd7 10. f4 Qc7 11.
O-O b6 12. Bd2 Bb7 13. Rae1 O-O 14. e5 Ne8 15. Kh1 g6 16. Be4 Bxe4 17. Qxe4 Rc8 18. f5 exf5 19. exd6 Bxd6 20. Qh4 Qxc4 21. Bf4 Bxf4 22. Rxf4 Qc6 23. Nd4 Qf6 24. Qf2 Nc7 25. g4 Ne6 26. Nd5 Qg5 27. Rxe6 fxe6 28. Nxe6 Rc1+ 29. Kg2 Qh6 30. Nxf8 Qxf8 31. gxf5 g5 32. Rd4 Qc5 33. f6 Rc2 34. Rd2 Rxd2 35. Qxd2 Qc6 36. Qxg5+ Kf8 37. Kg3 Qd6+ 38. Kh3 Qe6+ 39. Kh4 Qf7 40.
Qf4 Qxd5 41. Qh6+ Ke8 42. Qxh7 Nxf6 43. Qg6+ Qf7 44. Qxf7+ Kxf7 45. Kg5 Nd5 46. Kf5 Ne3+ 47. Ke4 Nd1 0-1

[Event "Early-Titled-Tuesday-Blitz-January-30-2024"]
[Site "Chess.com"]
[Date "2024.01.30"]
[Round "10"]
[White "ejalmedina"]
[Black "alekroth65"]
[Result "0-1"]
[WhiteElo "2292"]
[BlackElo "2369"]
[TimeControl "180+1"]
[EndTime "10:02:14 PST"]
[Termination "alekroth65 won on time"]

1. d4 d6 2. e4 Nf6 3. Nc3 g6 4.
f4 Bg7 5. Nf3 O-O 6. e5 Nfd7 7.
Bc4 Nb6 8. Bb3 Nc6 9. Be3 d5 10. Qe2 Na5 11. h3 Nac4 12. O-O-O f6 13. g4 fxe5 14. fxe5 Nxe3 15. Qxe3 Be6 16. Kb1 Qd7 17. Rdf1 Rf7 18. Qe2 Raf8 19. Ng5 Rxf1+ 20. Rxf1 Rxf1+ 21. Qxf1 Bh6 22. Nxe6 Qxe6 23. a4 c6 24. a5 Nd7 25.
Qf3 Qf7 26. Qxf7+ Kxf7 27. Nxd5 cxd5 28. Bxd5+ Ke8 29. Bxb7 Kd8 30. Be4 Bf4 31. c3 Kc7 32. Kc2 Nf8 33. Kd3 Ne6 34. b4 Ng5 35. Bg2 h5 36.
gxh5 gxh5 37. h4 Nf7 38. Bf3 Bg3 39. Bxh5 Nd8 40. Bf3 Bxh4 41. d5 Bg3 42. Ke4 Be1 43. Kd4 Nf7 44. Bh5 Ng5 45. e6 Nh7 46. Bf3 Nf6 0-1

[Event "Early-Titled-Tuesday-Blitz-January-30-2024"]
[Site "Chess.com"]
[Date "2024.01.30"]
[Round "10"]
[White "cthulhuuu"]
[Black "Cambek64"]
[Result "1-0"]
[WhiteElo "2382"]
[BlackElo "2499"]
[TimeControl "180+1"]
[EndTime "10:02:17 PST"]
[Termination "cthulhuuu won by resignation"]

1. e4 c6 2. d3 d5 3. Nd2 e5 4. Ngf3 Bd6 5. d4 exd4 6. exd5 cxd5 7. Nxd4 Nc6 8. Bb5 Ne7 9. O-O O-O 10. N2b3 Re8 11.
Re1 Bd7 12. c3 a6 13. Bf1 Ne5 14. Bg5 h6 15. Bh4 Nc4 16. Qc2 Qc7 17. Bg3 Rad8 18. Bxd6 Qxd6 19. Rad1 Qf6 20. Nc5 Bc8 21. a4 b6 22. Ne4 Qg6 23. Bd3 dxe4 24. Bxc4 Nf5 25. Rxe4 Nxd4 26. Rxe8+ Rxe8 27. Qxg6 Ne6 28. Bxe6 Bxe6 29.
Qd3 Ra8 30. Qe3 Rb8 31. Qe5 Rc8 32. Qd6 b5 33. a5 Bb3 34. Re1 Kh8 35. Qxa6 Rd8 36.
Qb6 Rd2 37. a6 Rxb2 38. a7 Ra2 39. Qb8+ Kh7 40. a8=Q Rxa8 41. Qxa8 Bc4 42. Qe4+ g6 43.
Rd1 Kg7 44. Qe5+ Kh7 45. Rd7 g5 46. Qf6 g4 47. Rd8 1-0

[Event "Early-Titled-Tuesday-Blitz-January-30-2024"]
[Site "Chess.com"]
[Date "2024.01.30"]
[Round "10"]
[White "the_chess_child"]
[Black "Kildepiotr"]
[Result "1/2-1/2"]
[WhiteElo "2870"]
[BlackElo "2687"]
[TimeControl "180+1"]
[EndTime "10:02:19 PST"]
[Termination "Game drawn by repetition"]

1. e4 g6 2. d4 Bg7 3. Nc3 c6 4.
Be3 d5 5. Nf3 dxe4 6. Nxe4 Nf6 7.
Nxf6+ Bxf6 8. Qd2 Be6 9. Bd3 Nd7 10. c4 Nb6 11. Rc1 Bg4 12. Be2 Qd7 13. O-O Rd8 14.
Rfd1 O-O 15. Qa5 Nc8 16. h3 Bxf3 17. Bxf3 a6 18. d5 c5 19. b4 b6 20. Qxa6 cxb4 21.
Bxb6 Nxb6 22. Qxb6 Rb8 23. Qe3 Ra8 24. Qb3 Rfb8 25. c5 Ra3 26. Qc4 Be5 27. Bg4 Qc7 28. Qe2 Rc3 29. c6 Ra8 30. Qe4 f5 31. Qxb4 Rxc1 32.
Rxc1 fxg4 33. Qxg4 Rxa2 34. Qe6+ Kg7 35. Rb1 Ra1 36. Rxa1 Bxa1 37. g3 Be5 38. Kg2 Bd6 39. h4 h5 40. f4 Qa5 41. f5 Qd2+ 42. Kh3 gxf5 43. Qxf5 Qe2 44. Qg5+ Kh7 45. Qf5+ Kg7 46. Qg5+ Kf8 47. Qf5+ Ke8 48. Qc8+ Kf7 49. Qf5+ Kg8 50. Qg6+ Kf8 51. Qf5+ Kg8 52. Qg6+ Kf8 53. Qf5+ 1/2-1/2

[Event "Early-Titled-Tuesday-Blitz-January-30-2024"]
[Site "Chess.com"]
[Date "2024.01.30"]
[Round "10"]
[White "NovozhilovSemen"]
[Black "mbojan"]
[Result "0-1"]
[WhiteElo "2664"]
[BlackElo "2863"]
[TimeControl "180+1"]
[EndTime "10:02:19 PST"]
[Termination "mbojan won by resignation"]

1. d4 Nf6 2. Nf3 g6 3. Nc3 Bg7 4. e4 d5 5. e5 Ne4 6. Bd3 Nxc3 7.
bxc3 c5 8. Be3 Qa5 9. Qd2 c4 10.
Be2 Qa4 11. O-O Bf5 12. Rfb1 b6 13. Ne1 Nc6 14. g4 Be6 15. f4 f5 16. exf6 exf6 17.
Bf3 Rd8 18. Ng2 f5 19. gxf5 Bxf5 20. Rc1 O-O 21. Bf2 Bh6 22. Bg3 Rfe8 23. Ne3 Be4 24. Qg2 Bxf3 25. Qxf3 Qa3 26. Nxd5 Nxd4 27. Nf6+ Kf7 28.
Qg4 Ne2+ 29. Kg2 Kxf6 30. Bh4+ Kf7 31. Bxd8 Nxc1 32. Qd7+ Kf8 33. Bc7 Re2+ 34. Kf1 Qxc3 35. Bd6+ Kg8 36. Qc8+ Kf7 37. Qb7+ Kf6 38. Rxc1 Qd2 39.
Be5+ Kf5 40. Qc8+ Ke4 41. Qxc4+ Kf3 42. Qc6+ Kg4 43. Qc8+ Kh4 44. Bf6+ g5 45. Bxg5+ Bxg5 46. Ra1 Rf2+ 47. Kg1 Rg2+ 48. Kh1 Rxh2+ 0-1

[Event "Early-Titled-Tuesday-Blitz-January-30-2024"]
[Site "Chess.com"]
[Date "2024.01.30"]
[Round "10"]
[White "OneTrickPony_82"]
[Black "MFatigue"]
[Result "0-1"]
[WhiteElo "2501"]
[BlackElo "2469"]
[TimeControl "180+1"]
[EndTime "10:02:19 PST"]
[Termination "MFatigue won by resignation"]

1. d4 d5 2. c4 c6 3. Nf3 Nf6 4. cxd5 cxd5 5. Nc3 Nc6 6. Bf4 Nh5 7. Bd2 g6 8. e3 e6 9. Bd3 Bd6 10. O-O O-O 11. Rc1 Qe7 12. Qe2 Nf6 13. a3 Bd7 14. b4 a6 15. Rc2 e5 16. dxe5 Nxe5 17. Nxe5 Qxe5 18. f4 Qe7 19. Qf3 Bc6 20. Qh3 Ne4 21. Nxe4 dxe4 22. Be2 Bd7 23. Qh6 Rfc8 24. Bc3 f5 25. Rfc1 Qf8 26. Qxf8+ Bxf8 27. Be5 Kf7 28. Rc7 Ke8 29. Kf2 Be7 30. h3 Bd8 31. Rxc8 Rxc8 32. Rxc8 Bxc8 33. Bc4 Kf8 34. Bd5 Be7 35. g4 h6 36. Kg3 b6 37. gxf5 Bxf5 38. Bb7 a5 39. bxa5 bxa5 40. Bc3 Bxa3 41. Bxa5 Bc5 42. Bd2 Ke7 43.
Bd5 Kd6 44. Bb7 Kc7 45. Bd5 Kb6 46. h4 Kc7 47. Bc1 Kd6 48. Bb7 Ke7 49. Kf2 Bb4 50. Bb2 h5 51. Be5 Kd7 52. Bd4 Kd6 53. Ba6 Kc6 54.
Bc4 Bd6 55. Bb3 Kb5 56. Bf6 Kb4 57. Bd5 Bc5 58. Be6 Bxe6 0-1

[Event "Early-Titled-Tuesday-Blitz-January-30-2024"]
[Site "Chess.com"]
[Date "2024.01.30"]
[Round "10"]
[White "FM_VS99"]
[Black "hasagoodchesser"]
[Result "0-1"]
[WhiteElo "2559"]
[BlackElo "2736"]
[TimeControl "180+1"]
[EndTime "10:02:20 PST"]
[Termination "hasagoodchesser won on time"]

1. Nf3 Nf6 2. g3 g6 3. Bg2 Bg7 4. O-O O-O 5. d4 d5 6. c4 c6 7. cxd5 cxd5 8. Ne5 Nfd7 9. Nc3 Nxe5 10. dxe5 d4 11. Nd5 Bxe5 12. Bf4 Bxf4 13. Nxf4 e5 14. Nd3 Re8 15. Rc1 Nc6 16. Qb3 Qe7 17. Nc5 Rd8 18. h4 Kg7 19. h5 Rd6 20. Rfe1 Nd8 21. Qf3 Rf6 22. Qe4 Rb6 23. b3 Bf5 24. Qf3 Rc8 25. g4 Bxg4 26. Qxg4 Rxc5 27. Rxc5 Qxc5 28. h6+ Kf8 29. Qg5 Qe7 30. Qd2 Qb4 31. Qd1 Ne6 32.
e3 Rd6 33. exd4 Rxd4 34. Qe2 f6 35. Rc1 Ke7 36. Qf3 Rd7 37. Bh3 Qd2 38. Rc8 Qg5+ 39. Kf1 Qxh6 40. Bxe6 Kxe6 41. Re8+ Kf7 42. Rc8 Qf4 43. Qh3 Rd1+ 44. Ke2 Qd2+ 45. Kf3 Qd3+ 46. Kg2 Qxh3+ 47. Kxh3 Rd7 0-1

[Event "Early-Titled-Tuesday-Blitz-January-30-2024"]
[Site "Chess.com"]
[Date "2024.01.30"]
[Round "10"]
[White "Actuary44"]
[Black "flomarechot"]
[Result "1-0"]
[WhiteElo "2478"]
[BlackElo "2341"]
[TimeControl "180+1"]
[EndTime "10:02:24 PST"]
[Termination "Actuary44 won by resignation"]

1. e4 d6 2. d4 Nf6 3. Nc3 e5 4. dxe5 dxe5 5. Qxd8+ Kxd8 6. Bg5 Be7 7. O-O-O+ Nbd7 8. f4 Ng4 9. Bxe7+ Kxe7 10. Nh3 exf4 11. Nd5+ Kd8 12. Ndxf4 c6 13. Be2 Ne5 14. Rhf1 Ke7 15.
Nd3 a5 16. Nhf4 a4 17. a3 Nc4 18. Rf3 Nde5 19. Rg3 g6 20. Nb4 Be6 21. Rc3 Nd6 22. Bf3 h5 23. Rc5 Nd7 24. Rxc6 bxc6 25. Nxc6+ Ke8 26. Rxd6 Bg4 27. Nd5 Rc8 28. Nd4 Bxf3 29.
gxf3 Rc4 30. Nb5 Nc5 31. Nb6 Nb3+ 32. Kd1 Rc5 33. Nc3 Na5 34. Nbxa4 Rc6 35. Rd5 Nb7 36. Nb5 Kf8 37. Rd7 Nc5 38. Rd8+ Kg7 39. Rxh8 Kxh8 40.
Nd4 Rd6 41. Nxc5 Rxd4+ 42. Ke2 Rd8 43. a4 Rc8 44. b4 Kg7 45. a5 f5 46. a6 Rb8 47. c3 fxe4 48. fxe4 Kf6 49. Kd3 Ke5 50.
Nd7+ Kd6 51. Nxb8 Kc7 52. e5 Kxb8 53. e6 Kc7 54. e7 Kd7 55. a7 Kxe7 56. a8=Q Kf6 57.
Qa5 1-0

[Event "Early-Titled-Tuesday-Blitz-January-30-2024"]
[Site "Chess.com"]
[Date "2024.01.30"]
[Round "10"]
[White "SmirnovTimofey2000"]
[Black "Bushonica"]
[Result "1-0"]
[WhiteElo "1949"]
[BlackElo "1809"]
[TimeControl "180+1"]
[EndTime "10:02:24 PST"]
[Termination "SmirnovTimofey2000 won by resignation"]

1. e4 e5 2. Nf3 Nf6 3. Nxe5 Qe7 4.
Nf3 Qxe4+ 5. Qe2 Qxe2+ 6. Bxe2 Be7 7. O-O O-O 8. Nc3 Nc6 9. d4 d5 10. Bg5 Be6 11. Rad1 h6 12. Bh4 a6 13. Ne5 Nb4 14.
Rd2 a5 15. a3 Na6 16. Bf3 c6 17. Re1 Nc7 18. Na4 Rae8 19. Nb6 g5 20. Bg3 Nb5 21.
Be2 Nd6 22. f3 Nf5 23. Bf2 Kg7 24. Bd3 Nh5 25. g4 Nf4 26. gxf5 Nxd3 27. Nxd3 Bxf5 28. Ne5 Bd6 29. Rde2 f6 30. Nd3 Kf7 31. Rxe8 Rxe8 32. Rxe8 Kxe8 33. Bg3 Bxg3 34. hxg3 Ke7 35. Kf2 Bg6 36.
g4 Kd6 37. Na4 b5 38. Nc3 Bxd3 39. cxd3 b4 40. axb4 axb4 41. Na4 Kd7 42. Nc5+ Kc7 43. Ke3 Kb6 44. b3 Kc7 45. Kd2 Kd6 46. Ke3 Kc7 47. Ne6+ Kd6 48. Ng7 c5 49. dxc5+ Kxc5 50. d4+ Kd6 51. Nf5+ Ke6 52. Nxh6 Ke7 53. Nf5+ Ke6 54.
Ng3 Kd6 55. Kd3 Ke6 56. Nf5 Kd7 57. Ne3 Kd6 58. Nc2 Ke6 59. Nxb4 f5 60. gxf5+ Kxf5 61.
Nc2 Ke6 62. b4 Kd6 63. Ke3 Kc6 64. Kf2 Kb5 65. Kg3 Kc4 66. Kg4 Kb5 67. Kxg5 Kc4 68. f4 1-0

[Event "Early-Titled-Tuesday-Blitz-January-30-2024"]
[Site "Chess.com"]
[Date "2024.01.30"]
[Round "10"]
[White "Binary010"]
[Black "josmito10"]
[Result "1-0"]
[WhiteElo "2919"]
[BlackElo "2788"]
[TimeControl "180+1"]
[EndTime "10:02:25 PST"]
[Termination "Binary010 won on time"]

1. e4 e6 2. d4 d5 3. e5 c5 4. c3 Nc6 5. Nf3 Nh6 6. Bd3 cxd4 7.
cxd4 Nf5 8. Bxf5 exf5 9. O-O Be6 10. Nc3 Be7 11. a3 g5 12. b4 h6 13. Na4 b6 14.
Bb2 Rc8 15. Rc1 Qd7 16. Qd3 O-O 17. Nc3 f4 18. Qd2 Bg4 19. Ne1 Nd8 20. f3 Bf5 21. g4 fxg3 22. hxg3 Ne6 23. Ng2 Rc4 24. Nxd5 Rxc1 25.
Nxe7+ Qxe7 26. Rxc1 Rd8 27. Ne3 Bg6 28. d5 h5 29. d6 Qd7 30. Nd5 Qa4 31. f4 Qb3 32.
Rc3 Qa2 33. Kh2 h4 34. f5 Nd4 35. fxg6 Qxd5 36. gxf7+ Kf8 37. Qf2 h3 38. Rd3 Qxe5 39.
Bxd4 Qe4 40. Qf3 Qe1 41. Bf2 Qf1 42. Bd4 Qe1 43. Bf6 Rd7 44. Be7+ Kg7 45. f8=Q+ Kg6 46. Q3f6+ 1-0

[Event "Early-Titled-Tuesday-Blitz-January-30-2024"]
[Site "Chess.com"]
[Date "2024.01.30"]
[Round "10"]
[White "anasta10"]
[Black "margarita_2703"]
[Result "1/2-1/2"]
[WhiteElo "2495"]
[BlackElo "2351"]
[TimeControl "180+1"]
[EndTime "10:02:32 PST"]
[Termination "Game drawn by repetition"]

1. Nf3 d5 2. c4 e6 3. g3 Nf6 4. Bg2 Be7 5. O-O O-O 6. b3 b6 7. Bb2 Bb7 8. d3 c5 9. Nbd2 Nc6 10.
a3 d4 11. Qc2 Rb8 12. Rad1 e5 13. Qb1 h6 14. Qa1 Qd7 15. Rfe1 Bd6 16. e3 Rfe8 17. exd4 exd4 18. b4 Ne5 19. Nxe5 Bxe5 20. Bxb7 Qxb7 21.
Ne4 Nxe4 22. Rxe4 Bd6 23. Rde1 Rxe4 24. Rxe4 f5 25. Re6 Qd7 26. Qe1 Kf7 27. Re2 Re8 28. b5 Rxe2 29. Qxe2 Qe6 30. Qd1 g6 31. Bc1 Kg7 32. a4 Be7 33. Bd2 Bg5 34. a5 Bxd2 35. Qxd2 Qe5 36. Kg2 g5 37. Qa2 Qc7 38. axb6 Qb7+ 39.
Kg1 axb6 40. Qa6 Qb8 41. Qa2 f4 42. Qe2 Qd6 43. Qe8 fxg3 44. hxg3 Qg6 45. Qd7+ Qf7 46. Qc8 Qe7 47. Kf1 h5 48. Qf5 Qf6 49. Qd7+ Kh6 50.
Qc6 Kg6 51. Qe8+ Qf7 52. Qe4+ Qf5 53. Qc6+ Qf6 54. Qe8+ Qf7 55. Qe4+ Kh6 56. Qc6+ Qg6 57. Kg2 Kg7 58. Qd7+ Kg8 59. Qd8+ Kg7 60. Qc7+ Kh6 61. Qd8 Kg7 62. Qd7+ Qf7 63. Qc6 Qf6 64. Qd7+ Kh6 65. Qc6 Kg6 66. Qd5 Kg7 67. Qd7+ Kg6 68. Qd5 g4 69. Qe4+ Qf5 70. Qc6+ Qf6 71. Qe4+ Kg5 72. Qc6 Kg6 73. Qe4+ 1/2-1/2

[Event "Early-Titled-Tuesday-Blitz-January-30-2024"]
[Site "Chess.com"]
[Date "2024.01.30"]
[Round "10"]
[White "Alen_Yeremyann"]
[Black "Kostya0705"]
[Result "0-1"]
[WhiteElo "2725"]
[BlackElo "2615"]
[TimeControl "180+1"]
[EndTime "10:02:33 PST"]
[Termination "Kostya0705 won by resignation"]

1. d4 Nf6 2. Nf3 d5 3. g3 c6 4. Bg2 e6 5. O-O Be7 6. c4 O-O 7. Nfd2 Nbd7 8. Nc3 b6 9. b3 Bb7 10. Bb2 Rc8 11. e4 dxe4 12. Ndxe4 Nxe4 13. Nxe4 Nf6 14. Qe2 Nxe4 15. Bxe4 Bf6 16. Rad1 Qe7 17. Bc1 Rfd8 18. Be3 h6 19. Qf3 Ba8 20. Kg2 Bg5 21. h4 Bxe3 22. fxe3 f5 23. Bb1 Rd7 24. e4 Qf6 25. Kh2 Rxd4 26.
Rxd4 Qxd4 27. exf5 c5 28. Qe2 Rf8 29. fxe6 Rxf1 30.
Qxf1 Qf6 31. Qe2 Kf8 32. Bh7 Ke7 33. Bg8 Qf3 34. Qxf3 Bxf3 35. Kg1 Be4 36. Kf2 Bb1 37. a3 Bc2 38. Ke3 Bxb3 39. Kd3 Ba2 40. Kc3 Bb1 41. g4 Be4 42. g5 Bf5 43. Bf7 Bxe6 44. Bg6 Kd6 45. a4 Ke5 46. gxh6 gxh6 47. a5 bxa5 48. Be8 Kf4 49. h5 Kg5 50. Kb3 Bg4 51. Ka4 Bxh5 52.
Bc6 Be2 53. Bd5 h5 54. Kxa5 h4 55. Kb5 Kf4 56. Kxc5 h3 57. Kd4 h2 58. c5 Bf3 59.
Bxf3 Kxf3 60. c6 h1=Q 61. c7 Qc1 0-1